Construct Infanterie Kompanie
Selects Luftwaffe Battlegroup
Selects Luftwaffe Pioneer Support
Fallschirmpioneer Squad Paradrop
Construct Luftwaffe Kompanie
Selects Stuka Strafing Run
Selects LG40 Recoilless Gun Paradrop
LG40 Recoilless Gun Paradrop
Luftwaffe Officer Quarters
Construct Panzergrenadier Kompanie
Nebelwerfer 42 Rocket Launcher Team
Panzergrenadier Officer Quarters
Selects Fallschirmjäger Squad Paradrop
Construct Panzer Kompanie
Fallschirmpioneer Squad Paradrop
Fallschirmpioneer Squad Paradrop
Fallschirmpioneer Squad Paradrop